 Dungeon Sprint DCSS version 0.17-a0-1646-geb1493d (webtiles) character file.

19175 Kidiri the Tortoise (level 12, 0/82 HPs)
             Began as a Gargoyle Fighter on Aug 11, 2015.
             Was a High Priest of Okawaru.
             Slain by an emperor scorpion (14 damage)
             ... in the Dungeon (Sprint IX: "|||||||||||||||||||||||||||||").
             The game lasted 00:16:09 (2401 turns).

Kidiri the Tortoise (Gargoyle Fighter)              Turns: 2401, Time: 00:16:10

Health: 0/82       AC:  3    Str: 25    XL:     12   Next: 66%
Magic:  20/20      EV: 15    Int:  8    God:    Okawaru [*****.]
Gold:   1623       SH: 25    Dex:  9    Spells: 0 memorised, 11 levels left

rFire  + . .     SeeInvis +     p - +6 morningstar (crush)
rCold  + . .     Clarity  .     G - +2 scale mail "Awialaja" {rElec Str+2 Int-3 SInv}
rNeg   + + .     SustAt   .     H - +1 large shield
rPois  ∞         Gourm    .     q - +1 helmet
rElec  +         Spirit   .     t - +1 ratskin cloak {rPois rN+ Int-1 Dex-1}
rCorr  .         Warding  .     D - +1 pair of gloves
rMut   .         NoTele   +     r - +1 pair of boots
MR     .....                    (no amulet)
Stlth  +.........               z - ring of protection from fire
                                a - ring of protection from cold

@: heroism, corroded equipment, not resistant to hostile enchantments, very
unstealthy
A: molten scales 1, clever 1, negative energy resistance 1, regeneration 1,
electricity resistance, unbreathing, petrification resistance, rot immunity, AC
+8
a: Heroism, Finesse, Renounce Religion


You were in the Dungeon.
You worshipped Okawaru.
Okawaru was extremely pleased with you.
You were hungry.

You visited 1 branch You collected 1912 gold pieces.
You spent 289 gold pieces at shops.

Inventory:

Hand weapons
 b - a +2 mace of holy wrath
 p - a +6 morningstar of crushing (weapon)
Armour
 q - a +1 helmet (worn)
 r - a +1 pair of boots (worn)
 t - the +1 ratskin cloak (worn) {rPois rN+ Int-1 Dex-1}
   (You bought it in a shop in the Dungeon)

   It affects your intelligence (-1).
   It affects your dexterity (-1).
   It protects you from poison.
   It protects you from negative energy.
 D - a +1 pair of gloves (worn)
 G - the +2 scale mail "Awialaja" (worn) {rElec Str+2 Int-3 SInv}
   (You found it in the Dungeon)

   It affects your strength (+2).
   It affects your intelligence (-3).
   It insulates you from electricity.
   It lets you see invisible.
 H - a +1 large shield (worn)
Jewellery
 a - a ring of protection from cold (left hand)
 z - a ring of protection from fire (right hand)
Magical devices
 o - a wand of cold (7)
Scrolls
 k - 3 scrolls of blinking
 m - 4 scrolls of remove curse
 n - 3 scrolls of amnesia
 w - 2 scrolls of fear
 y - 2 scrolls of fog
Potions
 d - 3 potions of might
 f - a potion of invisibility
 g - 2 potions of heal wounds
 h - a potion of haste
 i - 4 potions of magic
 j - 2 potions of berserk rage
 l - 5 potions of curing
 u - a potion of agility
 v - 2 potions of brilliance
 I - a potion of resistance
 J - a potion of cure mutation
Comestibles
 e - 13 bread rations
 A - 40 fruits
 B - 12 meat rations


   Skills:
 + Level 12.4(17.4) Fighting
 * Level 15.1(20.1) Maces & Flails
 * Level 16.4(21.4) Armour
 + Level 9.4(14.4) Dodging
 * Level 16.4(21.4) Shields
 - Level 10.7 Invocations


You had 11 spell levels left.
You didn't know any spells.

Dungeon Overview and Level Annotations

Branches:
Dungeon (1/1)

Altars:
Cheibriados
Dithmenos
Elyvilon
Fedhas
Gozag
Kikubaaqudgha
Makhleb
Nemelex Xobeh
Okawaru
Qazlal
Ru
Sif Muna
Trog
Vehumet
Xom
Yredelemnul
Zin
The Shining One
Beogh
Jiyva
Lugonu

Shops:
D [[*(


Innate Abilities, Weirdness & Mutations

You are resistant to torment.
Your stone body is resilient (AC +8).
You are immune to poison.
You resist negative energy.
You are resistant to electric shocks.
You can survive without breathing.
You are immune to petrification.
You are immune to rotting.
You are partially covered in molten scales (AC +1).
Your mind is acute. (Int +2)
Your natural rate of healing is unusually fast.


Message History

You block the emperor scorpion's attack. x2
Unknown command.
The entropy weaver screams the final syllables of the word of entropy!
The word of entropy corrodes you!
The entropy weaver begins to chant a word of entropy!
You hit the emperor scorpion but do no damage.
The emperor scorpion is severely wounded.
You block the emperor scorpion's attack. x2
The emperor scorpion claws you.
You miss the emperor scorpion.
The emperor scorpion is severely wounded.
The emperor scorpion barely misses you.
You block the emperor scorpion's attack. x2
You barely miss the emperor scorpion.
The emperor scorpion is severely wounded.
The emperor scorpion stings you!
* * * LOW HITPOINT WARNING * * *
The emperor scorpion closely misses you.
The emperor scorpion claws you!
You die...

▓▓▓▓▓▓▓▓▓▓▓▓▓▓▓▓▓▓▓
▓<▓...▓)..▓...▓...▓
▓.▓.▓.▓)▓.▓.▓.▓s▓.▓
▓.▓.▓.▓.▓.▓.▓.▓s▓s▓
▓.▓.▓.▓.▓)▓.▓.▓@▓.▓
▓.▓.▓.▓.▓.▓.▓.▓.▓.▓
▓'▓.▓.▓.▓.▓.▓.▓.▓p▓
▓[▓.▓.▓.▓)▓.▓.▓.▓s▓
▓.▓.▓'▓.▓.▓.▓.▓.▓s▓
▓.▓.▓.▓.▓)▓.▓.▓.▓.▓
▓.▓.▓.▓.▓.▓.▓'▓.▓.▓
▓.▓.▓.▓.▓.▓.▓.▓.▓s▓
▓'▓.▓.▓.▓.▓.▓.▓.▓.▓


You could see an emperor scorpion and a redback.

Vanquished Creatures
  A fire dragon (D)
  An ogre mage (D)
  2 rakshasas (D)
  An ice dragon (D)
  4 orc high priests (D)
  Sonja (D)
  An unseen horror (D)
  A hill giant (D)
  6 orc knights (D)
  4 orc sorcerers (D)
  A cyclops (D)
  A spiny frog (shapeshifter) (D)
  3 spiny frogs (D)
  A komodo dragon (D)
  A yaktaur (D)
  5 polar bears (D)
  A two-headed ogre (D)
  A tengu conjurer (D)
  A jumping spider (D)
  A slime creature (D)
  A yak (D)
  A hog (shapeshifter) (D)
  A basilisk (D)
  A hippogriff (D)
  2 vampire mosquitoes (D)
  5 porcupines (D)
  A water moccasin (D)
  3 black bears (D)
  9 orc warriors (D)
  A wasp (D)
  3 crocodiles (D)
  A big kobold (D)
  2 giant frogs (D)
  A scorpion (D)
  A wight (D)
  A crimson imp (D)
  4 orc priests (D)
  A jelly (D)
  2 hounds (D)
  4 orc wizards (D)
  An iguana (D)
  A river rat (D)
  A shadow imp (D)
  A giant gecko (D)
  8 orcs (D)
  2 bats (D)
  A giant cockroach (D)
  A goblin (D)
  A ball python skeleton (D)
  A jackal zombie (D)
  A quokka zombie (D)
  A rat (D)
103 creatures vanquished.

Vanquished Creatures (others)
  A spatial maelstrom (D)
1 creature vanquished.

Grand Total: 104 creatures vanquished

Notes
Turn   | Place    | Note
--------------------------------------------------------------
     0 | D        | Kidiri the Gargoyle Fighter began the quest for the Orb.
     0 | D        | Reached XP level 1. HP: 14/14 MP: 1/1
     6 | D        | Banished a spatial maelstrom
    43 | D        | Noticed an orc wizard
    43 | D        | Noticed a hound
    53 | D        | Reached skill level 4 in Armour
    53 | D        | Reached XP level 2. HP: 10/20 MP: 2/2
    59 | D        | Reached skill level 1 in Dodging
    83 | D        | Killed an orc wizard
    83 | D        | Reached skill level 5 in Shields
    83 | D        | Reached XP level 3. HP: 8/24 MP: 3/3
    91 | D        | Killed a hound
    91 | D        | Reached skill level 5 in Armour
    91 | D        | Reached XP level 4. HP: 5/30 MP: 4/4
   365 | D        | Found a glowing silver altar of Zin.
   365 | D        | Found a glowing golden altar of the Shining One.
   365 | D        | Found an ancient bone altar of Kikubaaqudgha.
   365 | D        | Found a basalt altar of Yredelemnul.
   365 | D        | Found a shimmering altar of Xom.
   365 | D        | Found a radiant altar of Vehumet.
   366 | D        | Found an iron altar of Okawaru.
   367 | D        | Found a burning altar of Makhleb.
   368 | D        | Found a deep blue altar of Sif Muna.
   369 | D        | Found a bloodstained altar of Trog.
   370 | D        | Found a sparkling altar of Nemelex Xobeh.
   371 | D        | Found a white marble altar of Elyvilon.
   372 | D        | Found a roughly hewn altar of Beogh.
   373 | D        | Found a viscous altar of Jiyva.
   374 | D        | Became a worshipper of Warmaster Okawaru
   375 | D        | Found a corrupted altar of Lugonu.
   376 | D        | Found a blossoming altar of Fedhas.
   377 | D        | Found a snail-covered altar of Cheibriados.
   378 | D        | Found a shadowy altar of Dithmenos.
   379 | D        | Found a stormy altar of Qazlal.
   380 | D        | Found an opulent altar of Gozag.
   381 | D        | Found a sacrificial altar of Ru.
   434 | D        | Noticed a yak
   434 | D        | Noticed a hound
   434 | D        | Noticed a wight
   434 | D        | Noticed a jelly
   434 | D        | Noticed a big kobold
   439 | D        | Killed a yak
   439 | D        | Acquired Okawaru's first power
   439 | D        | Reached skill level 5 in Fighting
   439 | D        | Reached skill level 6 in Maces & Flails
   439 | D        | Reached skill level 7 in Armour
   439 | D        | Reached XP level 5. HP: 33/36 MP: 4/7
   439 | D        | Reached XP level 6. HP: 37/41 MP: 4/8
   442 | D        | Killed a hound
   444 | D        | Killed a wight
   447 | D        | Killed a jelly
   454 | D        | Killed a big kobold
   454 | D        | Reached skill level 8 in Armour
   460 | D        | Killed an unseen horror
   460 | D        | Reached skill level 9 in Armour
   460 | D        | Reached skill level 5 in Invocations
   460 | D        | Reached XP level 7. HP: 36/48 MP: 4/11
   460 | D        | Reached XP level 8. HP: 39/53 MP: 4/12
   540 | D        | Noticed a wasp
   540 | D        | Noticed a tengu conjurer
   540 | D        | Noticed a hog
   540 | D        | Noticed a cyclops
   540 | D        | Noticed a scorpion
   545 | D        | Killed a wasp
   547 | D        | Killed a tengu conjurer
   547 | D        | Reached skill level 10 in Armour
   547 | D        | Reached skill level 5 in Dodging
   547 | D        | Reached skill level 10 in Shields
   557 | D        | Killed a hog
   562 | D        | Killed a cyclops
   562 | D        | Reached XP level 9. HP: 51/59 MP: 13/13
   565 | D        | Killed a scorpion
   713 | D        | Noticed a spiny frog
   713 | D        | Noticed an iguana
   713 | D        | Noticed a porcupine
   713 | D        | Noticed a water moccasin
   713 | D        | Noticed a spiny frog
   713 | D        | Noticed a crocodile
   720 | D        | Killed a spiny frog
   720 | D        | Reached skill level 10 in Maces & Flails
   720 | D        | Reached skill level 11 in Armour
   724 | D        | Killed an iguana
   731 | D        | Killed a porcupine
   734 | D        | Killed a water moccasin
   739 | D        | Killed a spiny frog
   742 | D        | Killed a crocodile
   748 | D        | Noticed a porcupine
   749 | D        | Noticed a giant frog
   752 | D        | Killed a porcupine
   759 | D        | Killed a giant frog
   825 | D        | Noticed a komodo dragon
   825 | D        | Noticed a spiny frog
   825 | D        | Noticed a porcupine
   825 | D        | Noticed a porcupine
   825 | D        | Noticed a porcupine
   825 | D        | Noticed a crocodile
   833 | D        | Killed a komodo dragon
   835 | D        | Killed a spiny frog
   835 | D        | Acquired Okawaru's second power
   835 | D        | Reached skill level 12 in Armour
   835 | D        | Reached XP level 10. HP: 55/66 MP: 13/15
   840 | D        | Killed a porcupine
   842 | D        | Killed a porcupine
   843 | D        | Killed a porcupine
   850 | D        | Killed a crocodile
   901 | D        | Noticed a giant frog
   902 | D        | Noticed a crocodile
   902 | D        | Noticed a hippogriff
   904 | D        | Killed a giant frog
   907 | D        | Killed a crocodile
   911 | D        | Killed a hippogriff
   925 | D        | Noticed a black bear
   925 | D        | Noticed a polar bear
   925 | D        | Noticed a black bear
   925 | D        | Noticed a polar bear
   925 | D        | Noticed a polar bear
   925 | D        | Noticed a polar bear
   926 | D        | Noticed a polar bear
   934 | D        | Killed a polar bear
   939 | D        | Killed a polar bear
   940 | D        | Noticed a black bear
   944 | D        | Killed a polar bear
   946 | D        | Killed a black bear
   956 | D        | Killed a polar bear
   962 | D        | Killed a black bear
   966 | D        | Killed a polar bear
   966 | D        | Reached skill level 13 in Armour
   967 | D        | Killed a black bear
   967 | D        | Reached skill level 10 in Fighting
  1040 | D        | Noticed Sonja
  1052 | D        | Killed Sonja
  1052 | D        | Received a gift from Okawaru
  1109 | D        | Noticed an orc wizard
  1109 | D        | Noticed an orc wizard
  1109 | D        | Noticed an orc priest
  1109 | D        | Noticed an orc warrior
  1112 | D        | Killed an orc wizard
  1113 | D        | Noticed an orc warrior
  1118 | D        | Killed an orc wizard
  1120 | D        | Noticed an orc priest
  1140 | D        | Killed an orc warrior
  1152 | D        | Killed an orc warrior
  1158 | D        | Killed an orc priest
  1186 | D        | Noticed an orc wizard
  1188 | D        | Killed an orc priest
  1193 | D        | Killed an orc wizard
  1195 | D        | Noticed an orc priest
  1202 | D        | Killed an orc priest
  1222 | D        | Noticed an orc priest
  1227 | D        | Killed an orc priest
  1289 | D        | Noticed an orc sorcerer
  1289 | D        | Noticed an orc warrior
  1289 | D        | Noticed an orc high priest
  1289 | D        | Noticed an orc warrior
  1289 | D        | Noticed an orc warrior
  1289 | D        | Noticed an orc knight
  1295 | D        | Killed an orc sorcerer
  1295 | D        | Reached XP level 11. HP: 63/73 MP: 9/17
  1299 | D        | Killed an orc warrior
  1300 | D        | Noticed an orc warrior
  1301 | D        | Noticed an orc knight
  1304 | D        | Killed an orc high priest
  1311 | D        | Killed an orc knight
  1312 | D        | Noticed an orc knight
  1313 | D        | Noticed an orc warrior
  1313 | D        | Killed an orc warrior
  1313 | D        | Reached skill level 14 in Armour
  1320 | D        | Noticed an orc warrior
  1321 | D        | Killed an orc knight
  1323 | D        | Noticed an orc warrior
  1328 | D        | Killed an orc knight
  1331 | D        | Killed an orc warrior
  1333 | D        | Killed an orc warrior
  1343 | D        | Killed an orc warrior
  1346 | D        | Killed an orc warrior
  1352 | D        | Killed an orc warrior
  1496 | D        | Found Dunnid's Antique Armour Emporium.
  1496 | D        | Noticed an orc knight
  1496 | D        | Noticed an orc high priest
  1496 | D        | Noticed an orc sorcerer
  1496 | D        | Noticed an orc high priest
  1499 | D        | Noticed an orc sorcerer
  1507 | D        | Killed an orc knight
  1511 | D        | Killed an orc high priest
  1511 | D        | Received a gift from Okawaru
  1511 | D        | Reached skill level 10 in Invocations
  1515 | D        | Killed an orc sorcerer
  1516 | D        | Found Odal's Armour Shoppe.
  1525 | D        | Killed an orc high priest
  1526 | D        | Found Udilev's Assorted Antiques.
  1530 | D        | Noticed an orc knight
  1534 | D        | Killed an orc sorcerer
  1535 | D        | Found Fyekhaij's Antique Weapon Shoppe.
  1535 | D        | Noticed an orc knight
  1537 | D        | Noticed an orc sorcerer
  1554 | D        | Killed an orc knight
  1554 | D        | Reached skill level 15 in Armour
  1554 | D        | Reached skill level 15 in Shields
  1555 | D        | Noticed an orc high priest
  1566 | D        | Killed an orc knight
  1568 | D        | Noticed a sun demon
  1579 | D        | Paralysed by an orc sorcerer for 3 turns
  1587 | D        | Killed an orc sorcerer
  1587 | D        | Reached XP level 12. HP: 44/80 MP: 19/19
  1602 | D        | Killed an orc high priest
  1836 | D        | Bought the +1 ratskin cloak {rPois rN+ Int-1 Dex-1} for 289 gold pieces
  2011 | D        | Got the +2 scale mail "Awialaja" {rElec Str+2 Int-3 SInv}
  2061 | D        | Noticed a two-headed ogre
  2061 | D        | Noticed a spiny frog
  2061 | D        | Noticed a vampire mosquito
  2061 | D        | Noticed a crimson imp
  2061 | D        | Noticed a vampire mosquito
  2062 | D        | Noticed a basilisk
  2063 | D        | Killed a two-headed ogre
  2064 | D        | Noticed a hill giant
  2069 | D        | Killed a spiny frog
  2070 | D        | Noticed a slime creature
  2072 | D        | Killed a vampire mosquito
  2073 | D        | Noticed a fire dragon
  2075 | D        | Killed a crimson imp
  2078 | D        | Noticed an ice dragon
  2081 | D        | Killed a vampire mosquito
  2083 | D        | Killed a basilisk
  2084 | D        | Noticed an ogre mage
  2086 | D        | Noticed a yaktaur
  2087 | D        | Killed a hill giant
  2089 | D        | Noticed a rakshasa
  2092 | D        | Killed a slime creature
  2093 | D        | Noticed a rakshasa
  2094 | D        | Killed a fire dragon
  2106 | D        | Killed an ice dragon
  2109 | D        | Killed an ogre mage
  2109 | D        | Reached skill level 16 in Armour
  2116 | D        | Killed a yaktaur
  2121 | D        | Killed a yaktaur
  2146 | D        | Killed a rakshasa
  2150 | D        | Killed a rakshasa
  2150 | D        | Reached skill level 15 in Maces & Flails
  2155 | D        | Killed a rakshasa
  2186 | D        | Gained mutation: Your mind is acute. (Int +2) [mutagenic meat]
  2187 | D        | Gained mutation: You are partially covered in molten scales (AC +1). [mutagenic meat]
  2188 | D        | Gained mutation: Your natural rate of healing is unusually fast. [mutagenic meat]
  2337 | D        | Noticed an emperor scorpion
  2337 | D        | Noticed a redback
  2337 | D        | Noticed an entropy weaver
  2337 | D        | Noticed a jumping spider
  2337 | D        | Noticed an emperor scorpion
  2337 | D        | Noticed a tarantella
  2341 | D        | Noticed a jumping spider
  2344 | D        | Noticed a demonic crawler
  2348 | D        | Noticed a jumping spider
  2354 | D        | Killed a jumping spider
  2354 | D        | Received a gift from Okawaru
  2401 | D        | Slain by an emperor scorpion

Vault maps used:
D:        linesprint

Action                   |  1- 3 |  4- 6 |  7- 9 | 10-12 || total
-------------------------+-------+-------+-------+-------++-------
Melee: Flail             |    59 |       |       |       ||    59
       Morningstar       |       |    22 |    68 |   352 ||   442
Invok: Heroism           |       |     1 |     4 |    10 ||    15
       Finesse           |       |       |       |     7 ||     7
  Use: Potion            |     2 |       |       |     2 ||     4
       Scroll            |       |       |     2 |     4 ||     6
  Eat: Chunk             |       |       |       |     8 ||     8
       Beef jerky        |       |       |       |     1 ||     1
